 Dungeon Crawl Stone Soup version 0.29.1-14-g9c671dbff4 (webtiles) character file.

Game seed: 2303927116465105053

60 leafyfresh the Magician (level 4, -5/31 HPs)
             Began as a Djinni Ice Elementalist on Feb 18, 2023.
             Slain by an iron imp (9 damage)
             ... summoned by Natasha
             ... on level 2 of the Dungeon.
             The game lasted 00:02:24 (2076 turns).

leafyfresh the Magician (Djinni Ice Elementalist)   Turns: 2076, Time: 00:02:24

Health: -5/31      AC:  2    Str:  7    XL:     4   Next: 24%
Gold:   95         EV: 13    Int: 18    God:
                   SH:  0    Dex: 14

rFire   + + .      SeeInvis .   f - +0 sling
rCold   x . .      Faith    .   (no shield)
rNeg    . . .      Spirit   .   a - +0 robe
rPois   ∞          Reflect  .   (no helmet)
rElec   .          Harm     .   j - scarf {shadows}
rCorr   .          Rampage  .   (no gloves)
Will    .....                   (boots unavailable)
Stlth   ++........              (no amulet)
HPRegen 0.10/turn               (no ring)
MPRegen 0.00/turn               (no ring)

@: freezing walls, flying, very slightly contaminated, slowed, very slow
A: sickness immunity, fire resistance 2, cold vulnerability 1, float, innate
caster, HP casting, extra vitality 1
a: no special abilities


You were on level 2 of the Dungeon.
You visited 1 branch of the dungeon, and saw 2 of its levels.

You collected 95 gold pieces.

Inventory:

Hand Weapons
 d - a +0 dagger
 f - a +0 sling (weapon)
Armour
 a - a +0 robe (worn)
 j - a scarf of shadows (worn)
Scrolls
 b - a scroll of fog {unknown}
 c - 2 scrolls of identify {unknown}
 e - a scroll of enchant weapon {unknown}
 g - 2 scrolls of teleportation {unknown}
 l - a scroll of fear {unknown}
 m - a scroll of blinking {unknown}
Potions
 h - 2 potions of curing
 i - a potion of degeneration {unknown}
 k - a potion of flight {unknown}


   Skills:
 + Level 3.5 Dodging
 - Level 1.6 Stealth
 + Level 3.8 Spellcasting


You couldn't memorise any spells.
You knew the following spells:

 Your Spells              Type           Power      Damage    Failure   Level
a - Freeze                Ice            68%        1d8       3%          1
b - Frozen Ramparts       Ice            34%        1d6       9%          3
c - Ozocubu's Armour      Ice            17%        N/A       9%          3
d - Hailstorm             Conj/Ice       17%        3d6       30%         4
e - Sting                 Tmut/Pois      68%        1d6       3%          1
Your spell library was empty.

Dungeon Overview and Level Annotations

Branches:
Dungeon (2/15)

Altars:
Elyvilon

Annotations:
D:2 Natasha


Innate Abilities, Weirdness & Mutations

You are immune to sickness and miasma.
You are immune to poison.
Your flesh is very heat resistant. (rF++)
You are vulnerable to cold. (rC-)
You float through the air rather than walking.
You learn spells naturally, not from books.
Your magical power is your life essence.
You have superior vitality. (+4 MHP)


Message History

Natasha casts a spell at you. The magic dart hits you.
You shoot a sling bullet.
The sling bullet closely misses Natasha.
Natasha stares at you and mumbles some strange words.
The magic dart hits you!
You shoot a sling bullet. The sling bullet barely misses Natasha.
Natasha casts a spell.
You shoot a sling bullet. The sling bullet misses Natasha.
Natasha drinks a potion.
Natasha seems to grow stronger.
Casting: Freeze (safe; 3% risk of failure)
Confirm with . or Enter, or press ? or * to list all spells.
The spell is quite dangerous to miscast (9% risk of failure)!
Continue anyway?
Okay, then.
Casting: Frozen Ramparts (quite dangerous; 9% risk of failure)
Confirm with . or Enter, or press ? or * to list all spells.
The spell is quite dangerous to miscast (9% risk of failure)!
Continue anyway?
Casting: Frozen Ramparts (quite dangerous; 9% risk of failure)
Press: ? - help, Dir - look around, f - activate You miscast Frozen Ramparts.
You are very lightly contaminated with residual magic.
Your hands feel numb with cold!
You feel a terrible chill!
* * * LOW HITPOINT WARNING * * *
x2 The iron imp closely misses you.
Natasha mewls in sadness.
Natasha misses you.
Unknown command.
Unknown command.
Casting: Frozen Ramparts (quite dangerous; 9% risk of failure)
Confirm with . or Enter, or press ? or * to list all spells.
The spell is quite dangerous to miscast (9% risk of failure)!
Continue anyway?
Casting: Frozen Ramparts (quite dangerous; 9% risk of failure)
Press: ? - help, Dir - look around, f - activate The walls around you are covered in ice.
* * * LOW HITPOINT WARNING * * *
The wall freezes Natasha.
Natasha closely misses you.
The iron imp completely resists.
The wall freezes the iron imp but does no damage.
The iron imp hits you!
You die...

...............>..
#########.####.#..
.......#.##.##.
.........##.##.
###########.##.##.
#...........##) #.
#.########### #.
#.# #@# #h5.....
........ ###......
)..... ......
......


You could see an iron imp (summoned) and Natasha (strong).

Vanquished Creatures
  Robin (D:2)
  2 dart slugs (D:1)
  3 endoplasms (D:1)
  A giant cockroach (D:1)
  14 goblins
  3 hobgoblins (D:2)
  7 kobolds
  A quokka (D:1)
  3 ball pythons (D:1)
  A bat (D:1)
  2 frilled lizards (D:1)
  3 rats (D:1)
41 creatures vanquished.

Vanquished Creatures (others)
  2 fungi (D:1)
  3 plants (D:1)
5 creatures vanquished.

Grand Total: 46 creatures vanquished

Notes
Turn   | Place    | Note
-------+----------+-------------------------------------------
     0 | D:1      | leafyfresh the Djinni Ice Elementalist began the quest for
                  | the Orb.
     0 | D:1      | leafyfresh set off with the following spells memorised:
                  | Freeze, Frozen Ramparts, Ozocubu's Armour, Hailstorm.
     0 | D:1      | Reached XP level 1. HP: 15/15 MP: 0/0
   180 | D:1      | Reached XP level 2. HP: 15/21 MP: 0/0
   282 | D:1      | Found a faded altar of an unknown god.
   833 | D:1      | Reached XP level 3. HP: 21/25 MP: 0/0
   833 | D:1      | Learned a level 1 spell: Sting
  1440 | D:2      | Found a white marble altar of Elyvilon.
  1635 | D:2      | Noticed Robin
  1644 | D:2      | Killed Robin
  1644 | D:2      | HP: 1/25 [goblin/+0 club[Robin] (6)]
  1645 | D:2      | Reached XP level 4. HP: 2/31 MP: 0/0
  2069 | D:2      | Noticed Natasha
  2076 | D:2      | Slain by an iron imp

Illustrated notes

Levels and vault maps discovered:
D:1:      lightli_arrival_noodles, layout_basic,
          shapermc_ecumenical_altar_mp_urbaneastern
D:2:      layout_basic, basic_altar, minmay_tromino_v4_a, uniq_natasha,
          uniq_robin

Skill      XL: |  1  2 |
---------------+-------+-----
Dodging        | 3 |  3.5
Stealth        | |  1.6
Spellcasting   | |  3.8

Action                   |  1- 3 |  4- 6 || total
-------------------------+-------+-------++-------
Melee: Unarmed           |     2 |       ||     2
 Fire: Sling             |    77 |    12 ||    89
 Cast: Freeze            |    19 |     2 ||    21
       Frozen Ramparts   |     3 |     1 ||     4
       Sting             |     1 |       ||     1
  Use: Potion            |     2 |     1 ||     3
Armor: Robe              |     8 |       ||     8
Dodge: Dodged            |    28 |     7 ||    35
